 Dungeon Crawl Stone Soup version 0.21.0-25-ge575cb9ce8 (webtiles) character file.

167925 Andry07 the Warrior (level 17, -20/111 HPs)
             Began as a Gargoyle Fighter on Jan 23, 2018.
             Was a High Priest of Okawaru.
             Demolished by a very large slime creature (60 damage)
             ... summoned by a boggart
             ... while paralysed by a great orb of eyes
             ... on level 1 of the Vaults.
             The game lasted 01:31:12 (34812 turns).

Andry07 the Warrior (Gargoyle Fighter)             Turns: 34812, Time: 01:31:13

Health: -20/111    AC: 49    Str: 24      XL:     17   Next: 63%
Magic:  19/25      EV:  2    Int: 11 (12) God:    Okawaru [*****.]
Gold:   53         SH:  0    Dex:  8 (9)  Spells: 3/16 levels left

rFire    + . .     SeeInvis .   s - +10 flail of Usminyom {venom, rN+}
rCold    + . .     Gourm    .   V - +2 large shield
rNeg     + + .     Faith    .   t - +4 chain mail {rC+}
rPois    ∞         Spirit   .   i - +2 hat
rElec    +         Reflect  .   r - +1 cloak
rCorr    .         Harm     .   v - +3 pair of gauntlets of War {Slay+5}
MR       +....                  q - +2 pair of boots {Fly}
Stlth    ..........             Y - amulet of regeneration
HPRegen  0.68/turn              W - +6 ring of evasion
MPRegen  0.19/turn              L - ring of protection from fire

@: paralysed, about to teleport, heroism, finesse, marked, flying
A: big wings, beak, horns 1, slimy green scales 1, deterioration 1, frail 1,
negative energy resistance 1, electricity resistance, unbreathing, petrification
resistance, rot immunity, AC +12
}: 1/15 runes: decaying
a: Stop Flying, Heroism, Finesse, Renounce Religion


You were on level 1 of the Vaults.
You worshipped Okawaru.
Okawaru was extremely pleased with you.
You were not hungry.

You visited 5 branches of the dungeon, and saw 27 of its levels.
You also visited: Labyrinth and Sewer.

You collected 2041 gold pieces.
You spent 1988 gold pieces at shops.

Inventory:

Hand Weapons
 h - a +3 eveningstar
 s - the +10 flail of Usminyom (weapon) {venom, rN+}
   (You found it on level 9 of the Dungeon)

   It poisons the flesh of those it strikes.
   It protects you from negative energy.
 z - the +4 hunting sling of Insufficient Pleasure {velocity, *Contam +Blink rN++ Str+4}
   (You found it on level 14 of the Dungeon)

   Any stone fired from it inflicts extra damage.
   It affects your strength (+4).
   It greatly protects you from negative energy.
   It lets you blink.
   It causes magical contamination when unequipped.
 D - the +7 hand crossbow "Goblinslayer" {flame, rPois Str+5 Int-5}
   (Okawaru gifted it to you on level 3 of the Lair of Beasts)

   It causes projectiles fired from it to burn those they strike, causing extra
   injury to most foes and up to half again as much damage against particularly
   susceptible opponents.
   It affects your strength (+5).
   It affects your intelligence (-5).
   It protects you from poison.
 O - the +4 broad axe "Vuegouhi" {chop, +Rage MR+ Int+9}
   (Okawaru gifted it to you on level 2 of the Lair of Beasts)

   It inflicts extra damage upon your enemies.
   It affects your intelligence (+9).
   It affects your resistance to hostile enchantments.
   It lets you go berserk.
Armour
 i - a +2 hat (worn)
 q - a +2 pair of boots of flying (worn)
 r - a +1 cloak (worn)
 t - a +4 chain mail of cold resistance (worn)
 v - the +3 pair of gauntlets of War (worn) {Slay+5}
   (You bought it in a shop on level 11 of the Dungeon)

   It affects your accuracy and damage with ranged weapons and melee attacks
   (+5).
 V - a +2 large shield (worn)
Jewellery
 y - an uncursed ring of see invisible
 F - an uncursed ring of protection from cold
 L - a ring of protection from fire (right hand)
 P - an uncursed ring of protection from magic
 T - an uncursed ring of positive energy
 W - a +6 ring of evasion (left hand)
 Y - an amulet of regeneration (around neck)
Wands
 Q - a wand of digging (20)
 U - a wand of disintegration (27)
Scrolls
 a - 2 scrolls of silence
 b - 7 scrolls of teleportation
 j - 9 scrolls of magic mapping
 m - 5 scrolls of fog
 n - 14 scrolls of remove curse
 u - 4 scrolls of enchant armour
 w - 2 scrolls of immolation
 C - 5 scrolls of enchant weapon
 E - 5 scrolls of amnesia
 H - 9 scrolls of fear
 M - 5 scrolls of blinking
 S - 3 scrolls of identify
Potions
 c - a potion of mutation
 d - 5 potions of might
 e - 2 potions of heal wounds
 g - 8 potions of brilliance
 k - 11 potions of curing
 l - 3 potions of invisibility
 o - 6 potions of lignification
 p - 4 potions of haste
 x - 12 potions of flight
 B - a potion of cancellation
 I - 3 potions of ambrosia
 Z - a potion of berserk rage
Miscellaneous
 K - 2 phantom mirrors
 R - a crystal ball of energy
Comestibles
 f - 35 rations


   Skills:
 - Level 20.1(25.1) Fighting
 - Level 11.1(16.2) Axes
 - Level 2.0(13.1) Maces & Flails
 - Level 18.6(23.6) Armour
 + Level 12.6(17.6) Shields
 - Level 11.3 Invocations


You had 3 spell levels left.
You knew the following spells:

 Your Spells              Type           Power        Failure   Level  Hunger
a - Shroud of Golubria    Chrm/Tloc      #.........   98%         2    ###....
b - Song of Slaying       Chrm           #.......     98%         2    ###....
c - Apportation           Tloc           #.....       95%         1    ##.....
d - Summon Small Mammal   Summ           #...         95%         1    ##.....
e - Mephitic Cloud        Conj/Pois/Air  #.......     100%        3    ####...
f - Blink                 Tloc           N/A          98%         2    ###....
g - Passwall              Tmut/Erth      #.........   98%         2    ###....


Dungeon Overview and Level Annotations

Branches:
Dungeon (15/15)            Temple (1/1) D:4            Lair (6/6) D:8
  Swamp (4/4) Lair:2        Snake (0/4) Lair:4        Slime (0/5) Lair:6
    Orc (0/2) D:12         Vaults (1/5) D:13         Depths (0/5) D:15

Altars:
Ashenzari
Cheibriados
Dithmenos
Elyvilon
Fedhas
Gozag
Hepliaklqana
Kikubaaqudgha
Makhleb
Nemelex Xobeh
Okawaru
Qazlal
Ru
Sif Muna
Trog
Uskayaw
Vehumet
Wu Jian
Xom
Zin
The Shining One
Jiyva

Shops:
D:9 (   D:11 [??*   D:12 *


Innate Abilities, Weirdness & Mutations

You are resistant to torment.
Your stone body is resilient. (AC +12)
You are immune to poison.
Your large and strong wings let you fly indefinitely.
You resist negative energy. (rN+)
You are resistant to electric shocks. (rElec)
You can survive without breathing.
You are immune to petrification.
You are immune to rotting.
You have a beak for a mouth.
You have a pair of small horns on your head.
You are partially covered in slimy green scales. (AC +2)
Your body sometimes deteriorates upon taking damage.
You are frail. (-10% HP)


Message History

The ogre hits you but does no damage.
The large slime creature hits you but does no damage. x2
The slime creature hits you but does no damage.
The great orb of eyes bites you but does no damage.
The ironbrand convoker hits you with a mace!
Your body deteriorates!
You feel dopey.
The cyclops hits you but does no damage.
Two slime creatures merge to form a very large slime creature.
The ogre hits you but does no damage.
The boggart hits you but does no damage.
The large slime creature hits you!
The slime creature hits you but does no damage.
The great orb of eyes gazes at you.
You struggle to resist.
The ironbrand convoker hits you but does no damage.
Two slime creatures merge to form a large slime creature.
The cyclops hits you! The boggart barely misses you.
The very large slime creature hits you!!!
Ouch! That really hurt!
You die...

#....#.......#........
#....#.......#........
#....######'##........
#.....................
#..............#######
#..##J######...# #.
#pg.....#...# #
#gpJ....#...#
#C@Gp...#...#
#OJJ....#...#
#.p.....#...#
#.......# #.......#
#.......# #.......#
#########


You could see a great orb of eyes, a very large slime creature, 2 large slime
creatures, a slime creature, 3 vault sentinels, a cyclops, an ironbrand
convoker, an ogre and 2 boggarts.

Vanquished Creatures
  A thorn hunter (Swamp:3)
  Frances (D:12)
  Kirke (Swamp:4)
  Roxanne (D:14)
  A vault warden (Vaults:1)
  Aizul (Swamp:2)
  The ghost of VanClaymore the Impaler, a journeyman MfGl of Dithmenos (D:15)
  The ghost of NihilVerum the Summoner, a journeyman KoSu of Ashenzari (Swamp:1)
  Azrael (D:15)
  A minotaur (Lab)
  Snorg (Lair:5)
  An ogre mage (Vaults:1)
  7 vault guards
  A rakshasa (D:14)
  23 hydras
  A ghost crab (Swamp:1)
  3 centaur warriors
  A death knight (D:14)
  4 catoblepae
  9 alligators
  8 two-headed ogres
  2 tengu warriors
  7 death yaks
  Urug (D:13)
  A spriggan berserker (Swamp:4)
  A deep elf knight (D:9)
  A sixfirhy (D:13)
  9 skeletal warriors
  A spriggan druid (Swamp:3)
  4 unseen horrors
  4 shambling mangroves
  14 swamp dragons
  A flayed ghost (D:15)
  An orb spider (shapeshifter) (D:14)
  3 ironbrand convokers (Vaults:1)
  A necromancer (D:15)
  An orc knight (Vaults:1)
  A phantasmal warrior (D:14)
  4 oklob plants (Lair:4)
  2 fire giant zombies (D:15)
  5 wizards
  A wolf spider (Vaults:1)
  8 ugly things
  A deep elf mage (D:14)
  8 manticores
  4 elephants
  5 centaur zombies
  5 black mambas
  20 spiny frogs
  A spiny frog (shapeshifter) (Vaults:1)
  2 gargoyles
  A kobold demonologist (D:13)
  9 komodo dragons
  5 yaktaurs (Vaults:1)
  2 rime drakes (Lair:6)
  An efreet (D:14)
  2 ice devils (D:12)
  3 meliai (D:15)
  A redback zombie (D:15)
  A freezing wraith (D:14)
  2 hornets
  2 polar bears
  3 tyrant leeches
  7 trolls
  A spriggan zombie (D:15)
  12 slime creatures
  31 blink frogs
  Grinder (D:3)
  6 hippogriffs
  4 bog bodies
  4 dream sheep (Lair:4)
  2 shadows
  4 wraiths
  2 spriggans
  2 wyverns
  A vampire (D:13)
  2 fire elementals (D:15)
  2 humans (D:13)
  69 yaks
  Grum (D:10)
  2 hogs (Swamp:4)
  2 hungry ghosts
  5 basilisks
  21 vampire mosquitoes
  Edmund (D:4)
  7 insubstantial wisps (Swamp:1)
  An acid dragon (Vaults:1)
  23 swamp worms
  12 water moccasins
  A tengu zombie (D:15)
  A soldier ant (D:12)
  6 porcupines
  Duvessa (D:6)
  3 hell hounds (D:15)
  7 orc warriors
  An eye of draining (D:15)
  20 swamp drakes
  3 ice beasts
  4 phantoms
  2 sky beasts
  14 centaurs
  2 black bears (D:10)
  6 necrophages
  6 ogres
  21 wolves
  11 crocodiles
  2 big kobolds
  Blork the orc (D:4)
  18 bullfrogs
  Dowan (D:6)
  A wyvern skeleton (D:7)
  4 scorpions
  A spriggan skeleton (Lab)
  2 troll skeletons (Lab)
  2 bullfrog zombies
  3 crimson imps
  5 hounds
  A quasit (D:8)
  6 orc priests
  A centaur skeleton (D:12)
  6 jellies
  6 orc wizards
  A bullfrog skeleton (D:13)
  Crazy Yiuf (D:3)
  An iguana (D:12)
  Ijyb (D:3)
  Natasha (thrice) (D:4)
  12 worker ants
  An ogre skeleton (Lab)
  A worker ant zombie (D:5)
  15 adders
  7 river rats (Sewer)
  5 shadow imps
  An ooze (D:4)
  An adder skeleton (D:8)
  2 worms
  A dart slug (D:2)
  7 leopard geckos
  34 orcs
  8 bats
  5 giant cockroaches
  9 goblins
  9 hobgoblins
  11 jackals
  22 kobolds
  3 quokkas
  5 ball pythons (Sewer)
  5 frilled lizards
  A jackal skeleton (D:5)
  A jackal zombie (D:5)
  26 rats
  6 briar patches (Swamp:4)
  A fungus (Lair:2)
  2 plants (Lair:3)
822 creatures vanquished.

Vanquished Creatures (others)
  A hydra (Swamp:4)
  An orc wizard (D:12)
  An orc (D:12)
  A kobold (D:13)
  A briar patch (Swamp:3)
  5 fungi
  11 plants
21 creatures vanquished.

Grand Total: 843 creatures vanquished

Notes
Turn   | Place    | Note
-------+----------+-------------------------------------------
     0 | D:1      | Andry07 the Gargoyle Fighter began the quest for the Orb.
     0 | D:1      | Reached XP level 1. HP: 14/14 MP: 1/1
    88 | D:1      | Reached XP level 2. HP: 18/20 MP: 2/2
    91 | D:1      | Reached skill level 4 in Fighting
   338 | D:1      | Reached XP level 3. HP: 22/24 MP: 3/3
   858 | D:2      | Reached skill level 5 in Fighting
   925 | D:2      | Reached XP level 4. HP: 31/31 MP: 4/4
  1042 | D:2      | Noticed a phantom
  1062 | D:2      | Killed a phantom
  1062 | D:2      | Reached skill level 6 in Fighting
  1062 | D:2      | Reached XP level 5. HP: 29/37 MP: 5/5
  1261 | D:3      | Noticed Ijyb
  1272 | D:3      | Killed Ijyb
  1372 | D:3      | Reached skill level 7 in Fighting
  1418 | D:3      | Noticed Grinder
  1437 | D:3      | Paralysed by Grinder for 4 turns
  1446 | D:3      | Killed Grinder
  1446 | D:3      | Reached skill level 8 in Fighting
  1446 | D:3      | Reached XP level 6. HP: 39/44 MP: 6/6
  1604 | D:3      | Found a runed door.
  1734 | D:3      | Found a faded altar of an unknown god.
  1857 | D:3      | Noticed Crazy Yiuf
  1916 | D:3      | Killed Crazy Yiuf
  1916 | D:3      | Reached XP level 7. HP: 50/50 MP: 7/7
  2036 | D:4      | Noticed Blork the orc
  2056 | D:4      | Killed Blork the orc
  2203 | D:4      | Found a staircase to the Ecumenical Temple.
  2210 | D:4      | Reached skill level 9 in Fighting
  2233 | Temple   | Entered the Ecumenical Temple
  2553 | Temple   | Became a worshipper of Warmaster Okawaru
  2641 | D:4      | Noticed Natasha
  2644 | D:4      | Killed Natasha
  2647 | D:4      | Noticed Edmund
  2665 | D:4      | Killed Edmund
  2665 | D:4      | Reached skill level 10 in Fighting
  2690 | D:4      | Noticed Natasha
  2705 | D:4      | Killed Natasha
  2705 | D:4      | Reached XP level 8. HP: 57/57 MP: 8/8
  2742 | D:4      | Found a glowing drain.
  2746 | Sewer    | Entered a sewer
  3059 | Sewer    | Reached * piety under Okawaru
  3080 | Sewer    | Reached skill level 5 in Armour
  3388 | D:4      | Noticed Natasha
  3393 | D:4      | Killed Natasha
  3408 | D:5      | Entered Level 5 of the Dungeon
  3782 | D:5      | Reached ** piety under Okawaru
  3826 | D:5      | Reached XP level 9. HP: 51/62 MP: 9/9
  4114 | D:6      | Noticed Duvessa
  4116 | D:6      | Noticed Dowan
  4130 | D:6      | Killed Duvessa
  4141 | D:6      | Killed Dowan
  4611 | D:6      | Reached skill level 10 in Armour
  5091 | D:7      | Reached *** piety under Okawaru
  5143 | D:7      | Found a sparkling altar of Nemelex Xobeh.
  5147 | D:7      | Found a glowing silver altar of Zin.
  5176 | D:7      | Found a white marble altar of Elyvilon.
  5608 | D:7      | Reached XP level 10. HP: 68/68 MP: 10/10
  5834 | D:8      | Reached skill level 1 in Invocations
  6107 | D:8      | Found a staircase to the Lair.
  6205 | D:9      | Noticed a deep elf knight
  6366 | Lair:1   | Entered Level 1 of the Lair of Beasts
  6463 | Lair:1   | Reached **** piety under Okawaru
  6463 | Lair:1   | Reached skill level 5 in Invocations
  6674 | Lair:1   | Noticed a spiny frog
  6681 | Lair:1   | Killed a spiny frog
  6725 | Lair:1   | Noticed a spiny frog
  6739 | Lair:1   | Killed a spiny frog
  6808 | Lair:1   | Received a gift from Okawaru
  6827 | Lair:1   | Reached ***** piety under Okawaru
  6935 | Lair:1   | Noticed a spiny frog
  6955 | Lair:1   | Killed a spiny frog
  6955 | Lair:1   | Reached XP level 11. HP: 24/72 MP: 6/18
  7457 | Lair:1   | Reached skill level 10 in Invocations
  8284 | Lair:1   | Noticed an eight-headed hydra
  8682 | Lair:2   | Received a gift from Okawaru
  8691 | Lair:2   | Got a twisted broad axe {god gift}
  8692 | Lair:2   | Identified the +4 broad axe "Vuegouhi" {chop, +Rage MR+ Int+9} (Okawaru gifted it to you on level 2 of the Lair of Beasts)
  8782 | Lair:2   | Found a staircase to the Swamp.
  8845 | Lair:2   | Reached skill level 11 in Fighting
  9197 | Lair:2   | Reached skill level 12 in Fighting
  9245 | Lair:2   | Reached XP level 12. HP: 30/82 MP: 8/20
  9478 | Lair:2   | Noticed a four-headed hydra
  9488 | Lair:2   | Killed a four-headed hydra
  9488 | Lair:2   | Reached skill level 13 in Fighting
 10024 | Lair:3   | Noticed a four-headed hydra
 10045 | Lair:3   | Killed a four-headed hydra
 10062 | Lair:3   | Found a labyrinth entrance.
 10087 | Lab      | Entered a labyrinth
 10243 | Lab      | Reached skill level 14 in Fighting
 10723 | Lab      | Noticed a minotaur
 10733 | Lab      | Killed a minotaur
 10744 | Lab      | Identified the Volume of the Mountains and Black Secrets
 10770 | Lair:3   | Received a gift from Okawaru
 10808 | Lair:3   | Got a smoking hand crossbow {god gift}
 10809 | Lair:3   | Identified the +7 hand crossbow "Goblinslayer" {flame, rPois Str+5 Int-5} (Okawaru gifted it to you on level 3 of the Lair of Beasts)
 11090 | Lair:3   | Reached skill level 1 in Axes
 11218 | Lair:3   | Reached skill level 15 in Fighting
 11386 | Lair:3   | Noticed a four-headed hydra
 11403 | Lair:3   | HP: 1/87 [four-headed hydra (8)]
 11410 | Lair:3   | Killed a four-headed hydra
 11684 | Lair:3   | Received a gift from Okawaru
 11848 | Lair:3   | Reached XP level 13. HP: 35/92 MP: 10/21
 12332 | Lair:4   | Reached skill level 5 in Axes
 12819 | Lair:4   | Found a staircase to the Snake Pit.
 15302 | Lair:4   | Received a gift from Okawaru
 15343 | Lair:4   | Got a polished hand axe
 15344 | Lair:4   | Identified the +5 hand axe "Ufyxteg" {chop, rF+} (You found it on level 4 of the Lair of Beasts)
 15606 | Lair:5   | Noticed Snorg
 15621 | Lair:5   | Killed Snorg
 16716 | Lair:6   | Entered Level 6 of the Lair of Beasts
 16758 | Lair:6   | Reached skill level 10 in Axes
 16993 | Lair:6   | Reached ****** piety under Okawaru
 17000 | Lair:6   | Gained mutation: Your large and strong wings let you fly indefinitely. [Gargoyle growth]
 17000 | Lair:6   | Reached XP level 14. HP: 73/98 MP: 18/22
 17009 | Lair:6   | Found a viscous altar of Jiyva.
 17009 | Lair:6   | Found a staircase to the Slime Pits.
 17154 | Lair:6   | Received a gift from Okawaru
 17159 | Lair:6   | Got a slimy battleaxe {god gift}
 17165 | Lair:6   | Identified the +1 battleaxe of Tiexkac {antimagic, rF+} (Okawaru gifted it to you on level 6 of the Lair of Beasts)
 17212 | Lair:6   | Learned a level 2 spell: Shroud of Golubria
 17215 | Lair:6   | Learned a level 2 spell: Song of Slaying
 17373 | Lair:6   | Reached skill level 5 in Shields
 17833 | Lair:6   | Received a gift from Okawaru
 18363 | Swamp:1  | Entered Level 1 of the Swamp
 18593 | Swamp:1  | Noticed NihilVerum's ghost (journeyman KoSu)
 18933 | Swamp:1  | Killed NihilVerum's ghost
 19161 | Swamp:1  | Reached skill level 10 in Shields
 19566 | Swamp:1  | Received a gift from Okawaru
 19583 | Swamp:1  | Got a crude hat {god gift}
 19589 | Swamp:1  | Identified the +0 hat "Facar" {rF+} (Okawaru gifted it to you on level 1 of the Swamp)
 20484 | Swamp:2  | Noticed Aizul
 20501 | Swamp:2  | Killed Aizul
 20636 | Swamp:2  | Reached skill level 16 in Fighting
 20751 | Swamp:2  | Reached XP level 15. HP: 75/104 MP: 16/23
 21497 | Swamp:2  | Reached skill level 17 in Fighting
 21772 | Swamp:3  | Learned a level 1 spell: Apportation
 21774 | Swamp:3  | Learned a level 1 spell: Summon Small Mammal
 22076 | Swamp:4  | Entered Level 4 of the Swamp
 22277 | Swamp:4  | Noticed a thorn hunter
 22670 | Swamp:4  | Reached skill level 18 in Fighting
 23603 | Swamp:3  | Killed a thorn hunter
 24061 | Swamp:4  | Reached skill level 19 in Fighting
 24548 | Swamp:4  | Received a gift from Okawaru
 24724 | Swamp:4  | Reached skill level 20 in Fighting
 25930 | Swamp:4  | Noticed Kirke
 25960 | Swamp:4  | Killed Kirke
 26168 | Swamp:4  | Got a decaying rune of Zot
 26810 | D:9      | Received a gift from Okawaru
 26810 | D:9      | Reached XP level 16. HP: 99/118 MP: 21/24
 26971 | D:9      | Found Podal's Weapon Shop.
 27600 | D:9      | Got a smoking flail
 27601 | D:9      | Identified the +10 flail of Usminyom {venom, rN+} (You found it on level 9 of the Dungeon)
 27625 | D:10     | Entered Level 10 of the Dungeon
 27717 | D:10     | Noticed Grum
 27730 | D:10     | Killed Grum
 28200 | D:10     | Found a sacrificial altar of Ru.
 28478 | D:11     | Found Kafimodi's Assorted Antiques.
 28492 | D:11     | Bought a scroll of identify for 56 gold pieces
 28492 | D:11     | Bought a scroll of identify for 56 gold pieces
 28492 | D:11     | Bought a scroll of identify for 56 gold pieces
 28492 | D:11     | Bought a scroll of identify for 56 gold pieces
 28492 | D:11     | Bought a scroll of teleportation for 84 gold pieces
 28572 | D:11     | Found Latigh's Magic Scroll Emporium.
 28579 | D:11     | Bought a scroll of identify for 34 gold pieces
 28579 | D:11     | Bought a scroll of identify for 34 gold pieces
 28579 | D:11     | Bought a scroll of magic mapping for 59 gold pieces
 28584 | D:11     | Bought 3 scrolls of blinking for 382 gold pieces
 28704 | D:11     | Found Galaudoq's Antique Armour Emporium.
 29291 | D:11     | Found Orchonk's Magic Scroll Shop.
 29299 | D:11     | Bought a scroll of identify for 22 gold pieces
 29301 | D:11     | Gained mutation: You have a beak for a mouth. [potion of mutation]
 29301 | D:11     | Gained mutation: You are partially covered in slimy green scales. (AC +2) [potion of mutation]
 29301 | D:11     | Gained mutation: You are frail. (-10% HP) [potion of mutation]
 29301 | D:11     | Gained mutation: You have a pair of small horns on your head. [potion of mutation]
 29591 | D:12     | Found a shadowy altar of Dithmenos.
 29728 | D:12     | Found Aschosk's Assorted Antiques.
 29888 | D:12     | Reached skill level 15 in Armour
 30037 | D:12     | Found a staircase to the Orcish Mines.
 30391 | D:13     | Noticed Frances
 30424 | D:12     | Killed Frances
 30691 | D:13     | Noticed Urug
 30703 | D:13     | Killed Urug
 30948 | D:13     | Found a runed door.
 31346 | D:13     | Found a gate to the Vaults.
 31735 | D:12     | Received a gift from Okawaru
 31736 | D:12     | Found the +3 robe of Clouds {+Fly rElec}
 32157 | D:14     | Learned a level 3 spell: Mephitic Cloud
 32160 | D:14     | Learned a level 2 spell: Blink
 32318 | D:14     | Reached XP level 17. HP: 90/111 MP: 21/25
 32389 | D:14     | Got an ichor-stained hunting sling
 32390 | D:14     | Identified the +4 hunting sling of Insufficient Pleasure {velocity, *Contam +Blink rN++ Str+4} (You found it on level 14 of the Dungeon)
 32458 | D:14     | Gained mutation: Your body sometimes deteriorates upon taking damage. [mutagenic glow]
 32673 | D:14     | Noticed Roxanne
 32843 | D:14     | Killed Roxanne
 32844 | D:14     | Identified Roxanne's Disquisition on Clay (You took it off Roxanne on level 14 of the Dungeon)
 33161 | D:15     | Entered Level 15 of the Dungeon
 33302 | D:15     | Learned a level 2 spell: Passwall
 33320 | D:15     | Found a staircase to the Depths.
 33473 | D:15     | Noticed VanClaymore's ghost (journeyman MfGl)
 33487 | D:15     | Killed VanClaymore's ghost
 33670 | D:15     | Found a white marble altar of Elyvilon.
 33757 | D:15     | Noticed Azrael
 33983 | D:11     | Bought the +3 pair of gauntlets of War {Slay+5} for 1045 gold pieces
 33983 | D:11     | Found the +3 pair of gauntlets of War {Slay+5}
 34025 | D:11     | Bought a scroll of blinking for 82 gold pieces
 34025 | D:11     | Bought a scroll of identify for 22 gold pieces
 34226 | D:15     | Killed Azrael
 34411 | Vaults:1 | Entered Level 1 of the Vaults
 34809 | Vaults:1 | Paralysed by a great orb of eyes for 5 turns
 34812 | Vaults:1 | Demolished by a very large slime creature

Skill      XL: |  1  2  3  4  5  6  7  8  9 10 11 12 13 14 15 16 17 |
---------------+----------------------------------------------------+-----
Fighting       | 4 5 6 8 10 12 15 16 20 | 20.1
Armour         | 8 11 12 13 17 18 | 18.6
Invocations    | 9 11 | 11.3
Axes           | 4 10 11 | 11.1
Shields        | 11 12 | 12.6
Maces & Flails | |  2.0

Action                   |  1- 3 |  4- 6 |  7- 9 | 10-12 | 13-15 | 16-18 || total
-------------------------+-------+-------+-------+-------+-------+-------++-------
Melee: Flail             |   136 |   166 |   542 |   433 |   341 |  1123 ||  2741
       Broad axe         |       |       |       |   291 |   896 |    40 ||  1227
       Peck              |       |       |       |       |       |   233 ||   233
       Headbutt          |       |       |       |       |       |   210 ||   210
Throw: Javelin           |       |       |       |     3 |     2 |       ||     5
Invok: Heroism           |       |       |       |     3 |    17 |     4 ||    24
       Finesse           |       |       |       |     1 |     4 |     5 ||    10
 Abil: Fly               |       |       |       |       |     1 |       ||     1
Evoke: Wand              |       |       |       |       |     5 |       ||     5
  Use: Scroll            |       |     7 |     1 |     4 |    13 |    13 ||    38
       Potion            |       |       |       |     3 |     8 |     2 ||    13
 Stab: Petrified         |       |       |       |       |    11 |       ||    11
       Confused          |       |       |       |       |       |     1 ||     1
  Eat: Chunk             |       |     3 |    14 |    15 |    23 |    14 ||    69
       Ration            |       |       |       |     2 |     8 |     5 ||    15
Armor: Scale mail        |    96 |    48 |       |       |       |       ||   144
       Chain mail        |       |    67 |   518 |  1059 |  1488 |   759 ||  3891
Dodge: Dodged            |    45 |    37 |   172 |   364 |   570 |   395 ||  1583
Block: Shield            |    82 |    79 |   333 |   611 |   996 |   406 ||  2507
       Large shield      |       |       |       |       |       |   553 ||   553
